Map: Lerilak Crest

Players

NorthWind

  • Race: Zerg Zerg
  • League: Bronze

DamnMe - Winner!

  • Race: Terran Terran

VOD

Have the link to the VOD?

Description

Time

  • Played on: Nov. 21, 2015, 11:58 a.m.
  • Length: 20:38
Show
View Real Time Build Order
Export as new Build Order

NorthWind Zerg 

Build Orders: Hatch First 

Get SALT Encoding   

  12  0:01  Drone  
  13  0:18  Overlord  
  13  0:23  Drone  
  14  0:40  Drone x2  
  16  0:51  Hatchery  
  15  0:59  Drone  
  16  1:12  Spawning Pool  
  16  1:15  Extractor  
  16  1:17  Drone  
  15  1:18  Drone  
  16  1:33  Drone x2  
  18  1:40  Drone  
  19  1:54  Overlord  
  19  2:01  Queen  
  19  2:03  Queen  
  19  2:06  Drone  
  19  2:07  Drone  
  25  2:20  Zergling x4  
  27  2:29  Overlord  
  27  2:37  Metabolic Boost  
  27  2:39  Queen  
  30  3:05  Drone x2  
  30  3:06  Drone x4  
  35  3:27  Drone x6  
  37  3:34  Overlord  
  41  3:40  Overlord  
  41  3:57  Drone x2  
  43  4:04  Extractor  
  43  4:05  Extractor  
  43  4:07  Lair  
  41  4:10  Extractor  
  41  4:11  Drone  
  41  4:12  Drone x3  
  41  4:14  Drone  
  41  4:15  Drone x2  
  47  4:17  Drone  
  47  4:18  Drone x2  
  50  4:26  Drone  
  50  4:29  Drone  
  52  4:32  Zergling x4  
  54  4:39  Overlord x2  
  54  4:58  Roach Warren  
  54  4:59  Drone  
  54  5:08  Evolution Chamber x2  
  52  5:16  Drone x3  
  55  5:24  Zergling x6  
  57  5:52  Zerg Missile Weapons Level 1  
  57  6:00  Hydralisk Den  
  56  6:08  Zerg Ground Armor Level 1  
  56  6:10  Roach x5  
  66  6:12  Overlord x2  
  66  6:13  Overlord x2  
  66  6:20  Infestation Pit  
  66  6:21  Drone  
  66  6:45  Glial Reconstitution  
  66  6:47  Muscular Augments  
  66  6:48  Hydralisk  
  66  6:49  Hydralisk x4  
  73  7:02  Hive  
  73  7:26  Hatchery  
  72  7:40  Roach x4  
  72  7:41  Roach x5  
  72  7:43  Overlord  
  72  7:44  Overlord x3  
  80  8:39  Zerg Ground Armor Level 2, Zerg Missile Weapons Level 2  
  77  9:06  Ultralisk Cavern  
  76  9:13  Drone x3  
  76  9:14  Drone x2  
  81  9:17  Hydralisk x4  
  81  9:18  Hydralisk x10  
  95  9:53  Roach x6  
  97  10:15  Ultralisk  
  103  10:23  Overlord x3  
  103  10:35  Queen  
  105  10:44  Ultralisk  
  105  10:45  Ultralisk x3  
  129  10:57  Zerg Missile Weapons Level 3  
  129  10:59  Zerg Melee Weapons Level 1  
  129  11:11  Queen  
  117  11:24  Ultralisk x2  
  115  11:46  Ultralisk  
  99  12:21  Hydralisk  
  99  12:22  Hydralisk x8  
  93  12:32  Extractor  
  93  12:33  Extractor  
  91  12:58  Hatchery  
  59  13:30  Zergling x2  
  59  13:31  Zergling x28  
  74  13:36  Adrenal Glands  
  68  13:51  Zergling x6  
  68  13:55  Zerg Melee Weapons Level 2  
  71  13:57  Zerg Ground Armor Level 3  
  71  14:06  Zergling x2  
  71  14:07  Zergling x8  
  70  14:27  Hydralisk x3  
  70  14:28  Hydralisk x4  
  63  14:55  Hatchery  
  62  15:07  Hydralisk x3  
  62  15:08  Hydralisk x9  
  86  15:16  Zergling x2  
  86  15:17  Zergling x36  
  97  15:33  Hydralisk  
  97  15:34  Hydralisk x6  
  98  15:59  Zergling x2  
  98  16:00  Zergling x24  
  98  16:03  Overlord x2  
  91  16:26  Zergling x2  
  91  16:27  Zergling x16  
  75  16:46  Zergling x20  
  75  16:47  Zergling x2  
  61  17:03  Hatchery  
  57  17:10  Ultralisk  
  53  17:39  Hydralisk x4  
  49  17:50  Zergling x2  
  49  18:54  Zergling x6  
  49  18:55  Zergling x2  
  53  18:59  Hatchery  
  46  19:44  Hatchery  
  41  19:47  Zergling x2  
  41  19:48  Zergling x18  
  50  19:56  Zergling x4  
  52  20:20  Drone  
  52  20:21  Drone x6  
Show
View Real Time Build Order
Export as new Build Order

DamnMe Terran - Winner!

Build Orders: Reaper Expand 

Get SALT Encoding   

  12  0:02  SCV  
  14  0:14  SCV  
  14  0:19  Supply Depot  
  14  0:26  SCV  
  15  0:41  SCV  
  16  0:42  Barracks  
  16  0:53  SCV  
  17  1:02  Refinery  
  17  1:05  SCV  
  17  1:10  Refinery  
  18  1:17  SCV  
  19  1:34  Command Center  
  19  1:40  SCV  
  19  1:42  Reaper  
  21  2:01  Supply Depot  
  22  2:02  Orbital Command  
  21  2:14  Marine  
  22  2:24  Factory  
  22  2:31  Supply Depot  
  22  2:34  SCV  
  23  2:39  Marine  
  24  2:50  Orbital Command  
  24  2:53  SCV  
  25  3:06  Marine  
  25  3:15  Factory Tech Lab  
  25  3:17  Factory  
  25  3:28  Supply Depot  
  25  3:41  SCV  
  26  3:46  Supply Depot, SCV  
  27  3:50  Engineering Bay  
  27  3:51  Engineering Bay  
  27  3:53  SCV  
  28  3:58  Barracks Reactor  
  28  4:00  Cyclone  
  31  4:04  Factory Tech Lab  
  31  4:08  SCV  
  31  4:09  SCV  
  33  4:25  Bunker  
  33  4:29  Missile Turret  
  33  4:30  Missile Turret  
  33  4:32  SCV x2  
  33  4:37  Mag-Field Accelerator  
  35  4:39  Cyclone  
  38  4:50  Cyclone  
  41  5:00  SCV x2  
  43  5:12  SCV x2, Cyclone  
  48  5:19  Marine  
  49  5:23  Terran Infantry Weapons Level 1, Missile Turret  
  49  5:24  Terran Infantry Armor Level 1, SCV x2  
  51  5:28  Refinery  
  51  5:30  Refinery  
  51  5:33  Marine  
  52  5:37  Marine  
  53  5:48  Bunker  
  53  6:07  Marine x2  
  53  6:10  SCV x2  
  60  6:18  Cyclone x2  
  60  6:22  SCV x2  
  60  6:24  Marine  
  60  6:25  Marine  
  67  6:34  SCV x2  
  69  6:42  Marine  
  70  7:07  Supply Depot  
  70  7:08  Supply Depot  
  70  7:09  Supply Depot x4  
  70  7:19  Armory  
  70  7:21  Armory  
  70  7:28  SCV x2, Cyclone, Marine x2  
  70  7:29  Cyclone  
  80  7:40  SCV x2  
  82  7:46  Marine x2  
  84  7:52  SCV x2  
  86  8:00  Cyclone  
  86  8:01  Cyclone  
  86  8:04  Marine x2  
  91  8:21  Marine x2  
  93  8:32  Cyclone  
  93  8:34  Cyclone  
  99  8:39  Marine x2  
  98  8:55  Terran Vehicle Weapons Level 1  
  98  8:56  Terran Vehicle And Ship Armor Level 1  
  98  8:57  Marine x2  
  100  9:05  Cyclone  
  100  9:06  Cyclone  
  106  9:15  Marine x2  
  105  9:37  Cyclone  
  99  10:15  Cyclone x2  
  105  10:26  Barracks x4  
  105  10:28  Supply Depot  
  105  10:29  Supply Depot  
  105  10:31  Supply Depot x2  
  105  10:33  Command Center  
  105  10:34  Command Center  
  105  10:47  Cyclone x2  
  108  11:19  Cyclone x2  
  105  11:46  Orbital Command  
  100  11:47  Orbital Command  
  105  11:51  Cyclone, Marine  
  105  11:52  Marine  
  110  11:54  Cyclone  
  113  12:09  Marine  
  113  12:10  Marine  
  114  12:23  Cyclone  
  114  12:27  Cyclone, Marine x2, Orbital Command  
  122  12:45  Marine x2  
  124  12:55  Cyclone  
  127  12:59  Cyclone  
  115  13:28  Cyclone  
  115  13:31  Cyclone  
  121  14:00  Cyclone  
  124  14:03  Cyclone  
  124  14:06  Refinery  
  127  14:10  Refinery  
  127  14:13  Command Center  
  127  14:14  Command Center x2  
  106  14:32  Cyclone  
  106  14:35  Cyclone  
  109  14:58  Terran Vehicle Weapons Level 2  
  109  15:04  Cyclone  
  112  15:07  Cyclone  
  112  15:11  Marine  
  112  15:12  Marine x5  
  121  15:29  Marine  
  121  15:30  Marine x5  
  127  15:36  Cyclone  
  127  15:39  Cyclone  
  130  15:47  Marine  
  130  15:48  Marine x5  
  115  16:05  Marine x6, Orbital Command  
  115  16:06  Planetary Fortress  
  112  16:23  Marine x3  
  74  16:35  Orbital Command  
  71  17:06  Command Center  
  71  17:07  Refinery  
  71  17:08  Refinery  
  71  17:09  Command Center  
  71  17:16  Cyclone x2, Marine  
  71  17:17  Marine x5  
  83  17:34  Marine  
  83  17:35  Marine x5  
  78  17:48  Cyclone  
  81  17:52  Marine  
  81  17:53  Marine x5  
  81  17:54  Terran Infantry Weapons Level 2  
  87  18:07  Command Center  
  87  18:10  Marine x5  
  92  18:15  Cyclone  
  95  18:35  Cyclone  
  95  18:36  Marine x4  
  102  18:47  Cyclone  
  85  19:25  Cyclone  
  85  19:26  Cyclone  
  91  19:36  Marine x5  
  91  19:37  Marine  
  97  19:54  Marine x6  
Tags
 
Add a new tag
Caveats
  • Supply blocks, unpowered buildings, or Contaminate may cause inaccurate times.
  • Supply counts are checked every 10 seconds.